 Dungeon Crawl Stone Soup version 0.22.1-1-ga44c0e56f4 (webtiles) character file.

107 Freyura the Skirmisher (level 4, -3/35 HPs)
             Began as a Demonspawn Abyssal Knight on Oct 21, 2018.
             Was a Believer of Lugonu.
             Killed from afar by Sigmund (9 damage)
             ... with a magic dart
             ... on level 2 of the Dungeon.
             The game lasted 00:03:53 (1336 turns).

Freyura the Skirmisher (Demonspawn Abyssal Knight)  Turns: 1336, Time: 00:03:53

Health: -3/35      AC:  6    Str: 12    XL:     4   Next: 56%
Magic:  6/6        EV: 12    Int: 14    God:    Lugonu [**....]
Gold:   38         SH:  0    Dex: 13    Spells: 3/3 levels left

rFire    . . .     SeeInvis .   d - +1 whip (elec)
rCold    . . .     Gourm    .   (no shield)
rNeg     . . .     Faith    .   b - +1 leather armour
rPois    .         Spirit   .   (no helmet)
rElec    .         Reflect  .   (no cloak)
rCorr    .         Harm     .   (no gloves)
MR       .....                  (no boots)
Stlth    +.........             (no amulet)
HPRegen  0.11/turn              (no ring)
MPRegen  0.10/turn              (no ring)

@: no status effects
A: icy blue scales 1, powered by death 1
a: Depart the Abyss, Bend Space, Renounce Religion


You were on level 2 of the Dungeon.
You worshipped Lugonu.
Lugonu was pleased with you.
You were not hungry.

You visited 1 branch of the dungeon, and saw 2 of its levels.
You visited the Abyss 1 time.

You collected 38 gold pieces.

Inventory:

Hand Weapons
 a - a +1 mace
 d - a +1 whip of electrocution (weapon)
Armour
 b - a +1 leather armour (worn)
Jewellery
 g - an uncursed amulet of faith {unknown}
Scrolls
 j - a scroll of remove curse
Potions
 e - 2 potions of heal wounds {unknown}
 f - a potion of might {unknown}
 h - a potion of lignification {unknown}
Comestibles
 c - 2 rations


   Skills:
 + Level 3.4 Fighting
 * Level 2.9 Maces & Flails
 + Level 2.4 Armour
 + Level 1.7 Dodging
 + Level 3.3 Invocations


You had 3 spell levels left.
You didn't know any spells.
Your spell library was empty.

Dungeon Overview and Level Annotations

Branches:
Dungeon (2/15)

Altars:
Okawaru

Annotations:
D:2 Sigmund


Innate Abilities, Weirdness & Mutations

You are partially covered in icy blue scales. (AC +2)
You regenerate a little health from kills.


Message History

You are confused.
You're too confused to move!
Something hits you but does no damage.
You bump into the rock wall.
You bump into the rock wall.
Something hits you!
You hit something. Lightning courses through something!
Something hits you but does no damage.
You bump into the rock wall.
You bump into the rock wall.
You feel less confused. Something hits you!
You closely miss something. Something hits you!
* * * LOW HITPOINT WARNING * * *
You barely miss something. You barely miss something. Something hits you.
* * * LOW HITPOINT WARNING * * *
You barely miss something.
You hear some strange, mumbled words.
A magic dart appears from out of thin air!
The magic dart hits you!
You die...

#...†......#
#...†......#
##.##...#.## #†#
.....# #.# ...###
#)# .### #.# .# #{#
.# ### #####@# ...
#.....# #.# #.#####
#.# #.# #.# #.# #.#
#.#
######.#####.######
....................
.#####.##....#####..
#######


There were no monsters in sight!

Vanquished Creatures
  A worker ant (D:2)
  Natasha (D:2)
  An adder (D:2)
  An ooze (D:1)
  A dart slug (D:1)
  2 ball pythons
  6 bats
  A giant cockroach (D:2)
  2 goblins
  5 hobgoblins
  6 jackals (D:2)
  7 kobolds
  A frilled lizard (D:1)
  7 rats
42 creatures vanquished.

Notes
Turn   | Place    | Note
-------+----------+-------------------------------------------
     0 | Abyss:1  | Freyura the Demonspawn Abyssal Knight began the quest for
                  | the Orb.
     0 | Abyss:1  | Reached XP level 1. HP: 18/18 MP: 2/2
     3 | D:1      | Escaped the Abyss
    61 | D:1      | Reached skill level 1 in Dodging
   183 | D:1      | Gained mutation: You are partially covered in icy blue
                  | scales. (AC +2) [demonic ancestry]
   183 | D:1      | Reached XP level 2. HP: 10/24 MP: 3/3
   778 | D:1      | Reached ** piety under Lugonu
   815 | D:2      | Reached XP level 3. HP: 28/29 MP: 5/5
   870 | D:2      | Found an iron altar of Okawaru.
   891 | D:2      | HP: 1/29 [goblin/enchanted spear (2)]
  1261 | D:2      | Gained mutation: You regenerate a little health from kills.
                  | [demonic ancestry]
  1261 | D:2      | Reached XP level 4. HP: 34/35 MP: 6/6
  1274 | D:2      | Noticed Natasha
  1284 | D:2      | Killed Natasha
  1311 | D:2      | Noticed Sigmund
  1336 | D:2      | Killed from afar by Sigmund

Skill      XL: |  1  2  3 |
---------------+----------+-----
Dodging        | 1 |  1.7
Maces & Flails | 2 |  2.9
Armour         | 2 |  2.4
Invocations    | 3 |  3.3
Fighting       | |  3.4

Action                   |  1- 3 |  4- 6 || total
-------------------------+-------+-------++-------
Melee: Mace              |    16 |       ||    16
       Whip              |    86 |    26 ||   112
  Use: Scroll            |     3 |       ||     3
 Stab: Sleeping          |     1 |       ||     1
  Eat: Ration            |     1 |       ||     1
Armor: Leather armour    |    50 |     5 ||    55
Dodge: Dodged            |    68 |    12 ||    80
